Penguins vs BlackHawks

Created - March 3, 2015 at 20:09

Goals
1 2 3 T
Penguins 1 3 2 6
BlackHawks 0 0 0 0
Shots
1 2 3 T
Penguins 18 21 14 53
BlackHawks 5 6 1 12

1st period

1. Penguins , Luke Glendening 3 (Teemu Selanne, John-Michael Liles) at 11:31

Penalties :
David Clarkson (CHI) for Interference (Minor) at 9:10, Luke Schenn (CHI) for Goalie Interference (Minor) at 12:03, Gabriel Landeskog (PIT) for Tripping (Minor) at 16:06, Martin Hanzal (CHI) for Cross-checking (Minor) at 16:10, Deryk Engelland (CHI) for Hooking (Minor) at 19:23

2nd period

2. Penguins , John Tavares 32 (Victor Hedman, Gabriel Landeskog) at 5:30 (PP)
3. Penguins , David Perron 24 (Ryan Getzlaf) at 17:42
4. Penguins , Ryan Getzlaf 27 (Victor Hedman, David Perron) at 19:41 (PP)

Penalties :
Jarred Tinordi (CHI) for Diving (Minor) at 4:24, Zack Smith (CHI) for Tripping (Minor) at 5:53, David Perron (PIT) for High sticking (Minor) at 15:29, Patrick Bordeleau (CHI) for Interference (Minor) at 18:16

3rd period

5. Penguins , John Tavares 33 (Gabriel Landeskog, Pierre-Alexandr Parenteau) at 6:08
6. Penguins , John Tavares 34 (Mark Giordano, Ryan Suter) at 17:38 (PP)

Penalties :
Matt Greene (CHI) for Hooking (Minor) at 16:01

Goalie Stats

Marc-Andre Fleury (PIT), 12 saves from 12 shots - (1.000), W, 31-14-5, 60:00 minutes
Eddie Lack (CHI), 47 saves from 53 shots - (0.887), L, 13-20-2, 60:00 minutes

Players Stats for Penguins

Player Name              G  A  P  +/- PIM S  H  SB GA TA FO     MP     PP MP  PK MP  
------------------------------------------------------------------------------------
Brandon Saad             0  0  0   0  0   0  2  0  0  0  0/0    11:00   0:00   0:33 
Brendan Gallagher        0  0  0   0  0   0  0  0  0  0  0/1     9:38   0:00   0:00 
David Perron             1  1  2   1  2   9  1  0  0  0  0/1    22:19   6:52   0:00 
Gabriel Landeskog        0  2  2   1  2   6  6  0  0  0  1/3    17:37   5:16   1:21 
Jacob Trouba             0  0  0   0  0   1  1  0  0  0  0/0    20:19   4:00   0:09 
Jeff Carter              0  0  0   1  0   1  1  0  0  0  1/1    22:20   6:52   0:00 
John Tavares             3  0  3   1  0   9  0  0  0  0  13/24  17:19   5:16   0:00 
John-Michael Liles       0  1  1   2  0   1  0  0  0  0  0/0    11:59   0:00   0:09 
Luke Glendening          1  0  1   1  0   1  0  0  0  0  1/1    10:02   0:00   1:22 
Mark Giordano            0  1  1   1  0   11 1  0  0  0  0/0    26:38   8:08   0:41 
Pierre-Alexandr Parentea 0  1  1   1  0   0  0  0  0  0  0/0    11:10   0:00   0:09 
Riley Nash               0  0  0   1  0   1  0  0  0  0  4/5     8:40   0:00   0:00 
Ryan Getzlaf             1  1  2   1  0   8  2  0  0  0  14/24  22:21   6:52   0:41 
Ryan Suter               0  1  1   1  0   4  0  0  0  0  0/0    26:38   8:08   0:41 
Stephane Robidas         0  0  0   2  0   0  1  1  0  0  0/0    13:03   0:00   1:13 
Teemu Selanne            0  1  1   1  0   0  0  0  0  0  1/1     8:40   0:00   0:00 
Tomas Hertl              0  0  0   0  0   0  1  0  0  0  4/8    14:54   5:16   0:00 
Victor Hedman            0  2  2   0  0   1  0  0  0  0  0/0    21:23   4:00   1:13 

Players Stats for BlackHawks

Player Name              G  A  P  +/- PIM S  H  SB GA TA FO     MP     PP MP  PK MP  
------------------------------------------------------------------------------------
Alex Galchenyuk          0  0  0  -1  0   3  0  1  0  0  1/1    17:45   0:45   0:00 
Brandon Bollig           0  0  0   0  0   0  1  0  0  0  0/0    17:09   1:18   7:15 
Chris Stewart            0  0  0  -1  0   0  1  0  0  0  0/2    17:51   0:45   0:00 
David Clarkson           0  0  0  -2  2   0  1  0  0  0  0/0     7:46   0:00   0:22 
Deryk Engelland          0  0  0  -1  2   1  1  3  0  0  0/0    19:33   0:00   4:25 
Dion Phaneuf             0  0  0   0  0   0  7  5  0  0  0/0    25:33   0:41   7:50 
Douglas Murray           0  0  0  -1  0   2  1  0  0  0  0/0    18:00   1:22   0:24 
Dwight King              0  0  0   0  0   0  3  1  0  0  0/1    19:10   1:18   4:53 
Jarred Tinordi           0  0  0  -1  2   0  6  0  0  0  0/0    19:03   0:00   1:44 
Lars Eller               0  0  0   0  0   2  1  1  0  0  8/12   14:00   1:18   0:00 
Luke Schenn              0  0  0  -1  2   0  0  0  0  0  0/0    17:43   1:22   4:03 
Martin Hanzal            0  0  0  -1  2   1  1  0  0  0  4/6    16:44   0:44   0:00 
Matt Greene              0  0  0  -2  2   1  0  3  0  0  0/0    19:31   0:41   5:28 
Mike Richards            0  0  0   0  0   0  0  1  0  0  8/14   16:46   0:00   4:53 
Nathan Horton            0  0  0   0  0   1  0  0  0  0  0/0     8:36   0:00   0:00 
Patrick Bordeleau        0  0  0  -2  2   0  1  0  0  0  0/1     7:24   0:00   0:00 
Trevor Lewis             0  0  0  -2  0   1  0  0  0  0  5/19   14:40   0:00   7:15 
Zack Smith               0  0  0   0  2   0  1  1  0  0  4/13    8:35   0:00   0:00 

3 Stars

1 - John Tavares (PIT)
2 - Ryan Getzlaf (PIT)
3 - Gabriel Landeskog (PIT)

Power Play

Penguins - 3 on 8 Attempt(s) - 37.50%
BlackHawks - 0 on 2 Attempt(s) - 0.00%

Penalty Kill

Penguins - 2 on 2 Attempt(s) - 100.00% - Score 0 goal in Penalty Kill
BlackHawks - 5 on 8 Attempt(s) - 62.50% - Score 0 goal in Penalty Kill

Team Stat

Penguins - Hits : 16 - Faceoff Wins : 39 - Blocked Shots : 1 - Penalty Minutes : 4
BlackHawks - Hits : 25 - Faceoff Wins : 30 - Blocked Shots : 16 - Penalty Minutes : 16

Official

Referees : Tim Peel and Justin StPierre
Linesman : Lonnie Cameron and Derek Nansen

Game Notes

John Tavares has scored a Hat Trick!

Finance

Level 1 -- Attendance: 3552 (54.65%) -- Ticket Income $532,800
Level 2 -- Attendance: 2759 (55.18%) -- Ticket Income $331,080
Level 3 -- Attendance: 1961 (56.03%) -- Ticket Income $156,880
Level 4 -- Attendance: 1982 (44.04%) -- Ticket Income $99,100
Luxury Box -- Attendance: 588 (58.80%) -- Ticket Income $161,700
Game was played at the United Center'
Total Attendance: 10842 (52.89%)
Total Ticket Income: $1,281,560
Other Income: $192,234
Total Income: $1,473,794

% Time on Ice - Penguins

Lines # - Real PCT - Wanted PCT - Time Play
Normal Forward
1 - 33% - 35% - 14:35
2 - 25% - 30% - 11:01
3 - 22% - 25% - 9:38
4 - 20% - 10% - 8:40
Normal Defense
1 - 39% - 40% - 16:56
2 - 34% - 35% - 15:08
3 - 27% - 20% - 11:50
4 - 0% - 5% - 0:00
PP Forward
1 - 57% - 55% - 6:52
2 - 43% - 45% - 5:16
PP Defense
1 - 67% - 75% - 8:08
2 - 33% - 25% - 4:00
PK Forward
1 - 67% - 55% - 1:22
2 - 33% - 45% - 0:41
PK Defense
1 - 41% - 70% - 0:50
2 - 59% - 30% - 1:13
PK3 Forward
1 - 0% - 55%
2 - 0% - 45%
PK3 Defense
1 - 0% - 55%
2 - 0% - 45%
44 Forward
1 - 46% - 55% - 0:53
2 - 54% - 45% - 1:02
44 Defense
1 - 46% - 55% - 0:53
2 - 54% - 45% - 1:02
Last Minute Offensive  - 0:00
Last Minute Defensive  - 0:00
Total
Forward - 60:00
Defense - 60:00

% Time on Ice - BlackHawks

Lines # - Real PCT - Wanted PCT - Time Play
Normal Forward
1 - 36% - 32% - 16:00
2 - 27% - 28% - 11:53
3 - 20% - 20% - 8:36
4 - 17% - 20% - 7:25
Normal Defense
1 - 37% - 40% - 16:12
2 - 28% - 32% - 12:19
3 - 35% - 28% - 15:09
4 - 1% - 0% - 0:14
PP Forward
1 - 37% - 55% - 0:45
2 - 63% - 45% - 1:18
PP Defense
1 - 33% - 60% - 0:41
2 - 67% - 40% - 1:22
PK Forward
1 - 60% - 55% - 7:15
2 - 40% - 45% - 4:53
PK Defense
1 - 58% - 55% - 7:05
2 - 42% - 45% - 5:03
PK3 Forward
1 - 0% - 50%
2 - 0% - 50%
PK3 Defense
1 - 0% - 55%
2 - 0% - 45%
44 Forward
1 - 72% - 55% - 1:23
2 - 28% - 45% - 0:32
44 Defense
1 - 43% - 55% - 0:50
2 - 57% - 45% - 1:05
Last Minute Offensive  - 0:00
Last Minute Defensive  - 0:00
Total
Forward - 60:00
Defense - 60:00

Play by Play

1st period


0:01 of 1st period - Martin Hanzal wins face-off versus Ryan Getzlaf in neutral zone.
0:10 of 1st period - Shot by Martin Hanzal.
0:10 of 1st period - Stopped by Marc-Andre Fleury with a rebound.
0:34 of 1st period - Shot by Ryan Suter.
0:34 of 1st period - Shot Misses the Net.
0:36 of 1st period - Shot by Mark Giordano.
0:36 of 1st period - Stopped by Eddie Lack with a rebound.
0:58 of 1st period - Shot by Lars Eller.
0:58 of 1st period - Stopped by Marc-Andre Fleury without a rebound.
0:59 of 1st period - Zack Smith wins face-off versus John Tavares in Penguins zone.
1:17 of 1st period - Icing by Douglas Murray.
1:18 of 1st period - Zack Smith wins face-off versus Brendan Gallagher in BlackHawks zone.
2:42 of 1st period - John Tavares is hit by Dwight King and loses puck.
2:56 of 1st period - Shot by Gabriel Landeskog.
2:56 of 1st period - Shot Blocked by Lars Eller.
3:52 of 1st period - Ryan Suter is hit by Dion Phaneuf and loses puck.
4:00 of 1st period - Riley Nash is hit by Dion Phaneuf.
5:26 of 1st period - Shot by Nathan Horton.
5:26 of 1st period - Stopped by Marc-Andre Fleury without a rebound.
5:27 of 1st period - Tomas Hertl wins face-off versus Zack Smith in Penguins zone.
5:53 of 1st period - Victor Hedman is hit by Brandon Bollig and loses puck.
6:22 of 1st period - Shot by Gabriel Landeskog.
6:22 of 1st period - Shot Blocked by Dion Phaneuf.
6:24 of 1st period - Shot by Mark Giordano.
6:24 of 1st period - Shot Misses the Net.
6:26 of 1st period - Shot by Mark Giordano.
6:26 of 1st period - Shot Misses the Net.
6:36 of 1st period - Shot by Gabriel Landeskog.
6:36 of 1st period - Stopped by Eddie Lack without a rebound.
6:37 of 1st period - Riley Nash wins face-off versus Martin Hanzal in BlackHawks zone.
7:55 of 1st period - Shot by Ryan Getzlaf.
7:55 of 1st period - Shot Misses the Net.
8:21 of 1st period - Shot by John Tavares.
8:21 of 1st period - Stopped by Eddie Lack without a rebound.
8:22 of 1st period - John Tavares wins face-off versus Trevor Lewis in BlackHawks zone.
8:22 of 1st period - John-Michael Liles is hit by Jarred Tinordi.
8:24 of 1st period - Shot by Gabriel Landeskog.
8:24 of 1st period - Shot Misses the Net.
8:30 of 1st period - Shot by John Tavares.
8:30 of 1st period - Shot Blocked by Dion Phaneuf.
8:32 of 1st period - Shot by John-Michael Liles.
8:32 of 1st period - Stopped by Eddie Lack without a rebound.
8:33 of 1st period - Lars Eller wins face-off versus Tomas Hertl in BlackHawks zone.
8:43 of 1st period - Off-side.
8:44 of 1st period - John Tavares wins face-off versus Trevor Lewis in neutral zone.
8:44 of 1st period - John Tavares is hit by Patrick Bordeleau.
9:10 of 1st period - Minor Penalty to David Clarkson for Interference.
9:11 of 1st period - Ryan Getzlaf wins face-off versus Trevor Lewis in BlackHawks zone.
9:24 of 1st period - Shot by David Perron.
9:24 of 1st period - Stopped by Eddie Lack without a rebound.
9:25 of 1st period - John Tavares wins face-off versus Trevor Lewis in BlackHawks zone.
9:34 of 1st period - Shot by Mark Giordano.
9:34 of 1st period - Stopped by Eddie Lack without a rebound.
9:35 of 1st period - Ryan Getzlaf wins face-off versus Mike Richards in BlackHawks zone.
9:36 of 1st period - Shot by Ryan Suter.
9:36 of 1st period - Shot Misses the Net.
9:38 of 1st period - Shot by David Perron.
9:38 of 1st period - Deflect By Jeff Carter.
9:38 of 1st period - Stopped by Eddie Lack with a rebound.
9:40 of 1st period - Shot by Ryan Suter.
9:40 of 1st period - Shot Hit the Post.
9:42 of 1st period - Shot by Ryan Getzlaf.
9:42 of 1st period - Stopped by Eddie Lack without a rebound.
9:43 of 1st period - Ryan Getzlaf wins face-off versus Trevor Lewis in BlackHawks zone.
9:44 of 1st period - Shot by Ryan Suter.
9:44 of 1st period - Stopped by Eddie Lack with a rebound.
9:46 of 1st period - Shot by David Perron.
9:46 of 1st period - Shot Misses the Net.
9:48 of 1st period - Shot by Ryan Suter.
9:48 of 1st period - Shot Misses the Net.
9:52 of 1st period - Shot by Ryan Suter.
9:52 of 1st period - Stopped by Eddie Lack without a rebound.
9:53 of 1st period - Trevor Lewis wins face-off versus Ryan Getzlaf in BlackHawks zone.
11:01 of 1st period - Shot by Victor Hedman.
11:01 of 1st period - Shot Misses the Net.
11:13 of 1st period - Shot by Gabriel Landeskog.
11:13 of 1st period - Shot Blocked by Deryk Engelland.
11:29 of 1st period - Shot by Teemu Selanne.
11:29 of 1st period - Shot Misses the Net.
11:31 of 1st period - Shot by Luke Glendening.
11:31 of 1st period - Goal by Luke Glendening - Penguins : 1 - BlackHawks : 0.
11:32 of 1st period - Lars Eller wins face-off versus John Tavares in neutral zone.
11:47 of 1st period - Shot by Mike Richards.
11:47 of 1st period - Shot Misses the Net.
11:49 of 1st period - Shot by Lars Eller.
11:49 of 1st period - Stopped by Marc-Andre Fleury without a rebound.
11:50 of 1st period - Martin Hanzal wins face-off versus Ryan Getzlaf in Penguins zone.
12:03 of 1st period - Minor Penalty to Luke Schenn for Goalie Interference.
12:04 of 1st period - Trevor Lewis wins face-off versus John Tavares in BlackHawks zone.
12:09 of 1st period - Shot by Gabriel Landeskog.
12:09 of 1st period - Stopped by Eddie Lack with a rebound.
12:11 of 1st period - Shot by Mark Giordano.
12:11 of 1st period - Stopped by Eddie Lack without a rebound.
12:12 of 1st period - Ryan Getzlaf wins face-off versus Trevor Lewis in BlackHawks zone.
12:37 of 1st period - Shot by Mark Giordano.
12:37 of 1st period - Stopped by Eddie Lack without a rebound.
12:38 of 1st period - Mike Richards wins face-off versus John Tavares in BlackHawks zone.
13:18 of 1st period - Shot by Victor Hedman.
13:18 of 1st period - Shot Misses the Net.
13:20 of 1st period - Shot by John Tavares.
13:20 of 1st period - Stopped by Eddie Lack without a rebound.
13:21 of 1st period - Mike Richards wins face-off versus Ryan Getzlaf in BlackHawks zone.
13:32 of 1st period - Shot by Mark Giordano.
13:32 of 1st period - Shot Blocked by Dion Phaneuf.
14:14 of 1st period - Icing by Riley Nash.
14:15 of 1st period - Riley Nash wins face-off versus Dwight King in Penguins zone.
15:05 of 1st period - Icing by Jarred Tinordi.
15:06 of 1st period - Ryan Getzlaf wins face-off versus Lars Eller in BlackHawks zone.
15:48 of 1st period - Shot by Matt Greene.
15:48 of 1st period - Shot Misses the Net.
16:06 of 1st period - Minor Penalty to Gabriel Landeskog for Tripping.
16:07 of 1st period - Luke Glendening wins face-off versus Martin Hanzal in Penguins zone.
16:07 of 1st period - Luke Glendening is hit by Chris Stewart.
16:10 of 1st period - Minor Penalty to Martin Hanzal for Cross-checking.
16:11 of 1st period - John Tavares wins face-off versus Chris Stewart in BlackHawks zone.
16:11 of 1st period - Victor Hedman is hit by Jarred Tinordi.
16:13 of 1st period - Shot by John Tavares.
16:13 of 1st period - Shot Misses the Net.
16:30 of 1st period - Brandon Saad is hit by Jarred Tinordi and loses puck.
16:49 of 1st period - Dion Phaneuf is hit by Brandon Saad and loses puck.
16:59 of 1st period - Off-side.
17:00 of 1st period - Jeff Carter wins face-off versus Chris Stewart in neutral zone.
17:07 of 1st period - Shot by David Perron.
17:07 of 1st period - Shot Misses the Net.
17:14 of 1st period - Matt Greene is hit by David Perron and loses puck.
17:44 of 1st period - Shot by Jeff Carter.
17:44 of 1st period - Deflect By David Perron.
17:44 of 1st period - Shot Misses the Net.
18:04 of 1st period - Shot by Lars Eller.
18:04 of 1st period - Deflect By Alex Galchenyuk.
18:04 of 1st period - Stopped by Marc-Andre Fleury without a rebound.
18:05 of 1st period - Lars Eller wins face-off versus John Tavares in Penguins zone.
18:27 of 1st period - Icing by Brandon Saad.
18:28 of 1st period - Trevor Lewis wins face-off versus Tomas Hertl in Penguins zone.
18:47 of 1st period - Shot by Brandon Saad.
18:47 of 1st period - Shot Misses the Net.
18:49 of 1st period - Shot by Stephane Robidas.
18:49 of 1st period - Shot Misses the Net.
19:23 of 1st period - Minor Penalty to Deryk Engelland for Hooking.
19:24 of 1st period - Ryan Getzlaf wins face-off versus Mike Richards in BlackHawks zone.
19:29 of 1st period - Shot by Mark Giordano.
19:29 of 1st period - Shot Blocked by Mike Richards.
19:31 of 1st period - Shot by Ryan Suter.
19:31 of 1st period - Deflect By Ryan Getzlaf.
19:31 of 1st period - Shot Misses the Net.
19:33 of 1st period - Shot by Ryan Getzlaf.
19:33 of 1st period - Stopped by Eddie Lack with a rebound.
19:35 of 1st period - Shot by Ryan Suter.
19:35 of 1st period - Shot Blocked by Matt Greene.
19:37 of 1st period - Shot by Mark Giordano.
19:37 of 1st period - Stopped by Eddie Lack without a rebound.
19:38 of 1st period - Mike Richards wins face-off versus Ryan Getzlaf in BlackHawks zone.
19:59 of 1st period - Shot by Ryan Getzlaf.
19:59 of 1st period - Stopped by Eddie Lack without a rebound.
Goals for this period are 1 for Penguins vs 0 for BlackHawks.
Shots for this period are 18 for Penguins vs 5 for BlackHawks.

2nd period


0:01 of 2nd period - Trevor Lewis wins face-off versus Ryan Getzlaf in neutral zone.
0:20 of 2nd period - Shot by David Perron.
0:20 of 2nd period - Stopped by Eddie Lack without a rebound.
0:21 of 2nd period - Mike Richards wins face-off versus John Tavares in BlackHawks zone.
0:38 of 2nd period - Shot by Gabriel Landeskog.
0:38 of 2nd period - Stopped by Eddie Lack without a rebound.
0:39 of 2nd period - Ryan Getzlaf wins face-off versus Trevor Lewis in BlackHawks zone.
0:50 of 2nd period - Shot by Mark Giordano.
0:50 of 2nd period - Shot Misses the Net.
0:52 of 2nd period - Shot by Mark Giordano.
0:52 of 2nd period - Shot Misses the Net.
0:54 of 2nd period - Shot by David Perron.
0:54 of 2nd period - Stopped by Eddie Lack without a rebound.
0:55 of 2nd period - Mike Richards wins face-off versus John Tavares in BlackHawks zone.
1:22 of 2nd period - Shot by Ryan Suter.
1:22 of 2nd period - Shot Misses the Net.
1:32 of 2nd period - Shot by Deryk Engelland.
1:32 of 2nd period - Stopped by Marc-Andre Fleury with a rebound.
1:34 of 2nd period - Shot by Chris Stewart.
1:34 of 2nd period - Shot Misses the Net.
1:36 of 2nd period - Shot by Douglas Murray.
1:36 of 2nd period - Stopped by Marc-Andre Fleury without a rebound.
1:37 of 2nd period - Riley Nash wins face-off versus Lars Eller in Penguins zone.
1:37 of 2nd period - Riley Nash is hit by Lars Eller.
2:33 of 2nd period - Luke Schenn is hit by Gabriel Landeskog and loses puck.
3:28 of 2nd period - Stephane Robidas is hit by Jarred Tinordi and loses puck.
3:35 of 2nd period - Shot by Ryan Getzlaf.
3:35 of 2nd period - Shot Misses the Net.
3:46 of 2nd period - Jeff Carter is hit by Dion Phaneuf.
4:13 of 2nd period - Brandon Saad is hit by Dion Phaneuf and loses puck.
4:17 of 2nd period - Brandon Saad is hit by Dion Phaneuf.
4:23 of 2nd period - Shot by Victor Hedman.
4:23 of 2nd period - Shot Misses the Net.
4:24 of 2nd period - Minor Penalty to Jarred Tinordi for Diving.
4:25 of 2nd period - John Tavares wins face-off versus Trevor Lewis in BlackHawks zone.
4:28 of 2nd period - Shot by Gabriel Landeskog.
4:28 of 2nd period - Stopped by Eddie Lack with a rebound.
4:38 of 2nd period - Shot by Mark Giordano.
4:38 of 2nd period - Stopped by Eddie Lack without a rebound.
4:39 of 2nd period - Mike Richards wins face-off versus Ryan Getzlaf in BlackHawks zone.
5:30 of 2nd period - Shot by Victor Hedman.
5:30 of 2nd period - Deflect By John Tavares.
5:30 of 2nd period - Goal by John Tavares - Penguins : 2 - BlackHawks : 0.
5:31 of 2nd period - Trevor Lewis wins face-off versus John Tavares in neutral zone.
5:44 of 2nd period - Shot by Pierre-Alexandr Parenteau.
5:44 of 2nd period - Shot Misses the Net.
5:52 of 2nd period - Shot by Trevor Lewis.
5:52 of 2nd period - Stopped by Marc-Andre Fleury without a rebound.
5:53 of 2nd period - Tomas Hertl wins face-off versus Zack Smith in Penguins zone.
5:53 of 2nd period - Minor Penalty to Zack Smith for Tripping.
5:54 of 2nd period - John Tavares wins face-off versus Trevor Lewis in BlackHawks zone.
5:55 of 2nd period - Shot by Ryan Suter.
5:55 of 2nd period - Shot Blocked by Dion Phaneuf.
6:09 of 2nd period - Shot by Ryan Suter.
6:09 of 2nd period - Stopped by Eddie Lack without a rebound.
6:10 of 2nd period - Ryan Getzlaf wins face-off versus Mike Richards in BlackHawks zone.
6:10 of 2nd period - Ryan Getzlaf is hit by Deryk Engelland.
6:46 of 2nd period - Shot by Mark Giordano.
6:46 of 2nd period - Stopped by Eddie Lack without a rebound.
6:47 of 2nd period - John Tavares wins face-off versus Mike Richards in BlackHawks zone.
7:14 of 2nd period - John Tavares is hit by Dwight King and loses puck.
7:23 of 2nd period - Shot by Jacob Trouba.
7:23 of 2nd period - Shot Blocked by Deryk Engelland.
8:27 of 2nd period - Shot by Riley Nash.
8:27 of 2nd period - Stopped by Eddie Lack without a rebound.
8:28 of 2nd period - Ryan Getzlaf wins face-off versus Zack Smith in BlackHawks zone.
8:37 of 2nd period - Shot by David Perron.
8:37 of 2nd period - Stopped by Eddie Lack with a rebound.
9:09 of 2nd period - Shot by Jeff Carter.
9:09 of 2nd period - Deflect By Ryan Getzlaf.
9:09 of 2nd period - Shot Blocked by Matt Greene.
9:11 of 2nd period - Shot by Mark Giordano.
9:11 of 2nd period - Stopped by Eddie Lack without a rebound.
9:12 of 2nd period - Lars Eller wins face-off versus John Tavares in BlackHawks zone.
9:12 of 2nd period - Lars Eller is hit by Gabriel Landeskog.
9:15 of 2nd period - Mike Richards is hit by Gabriel Landeskog and loses puck.
9:49 of 2nd period - Pierre-Alexandr Parenteau is hit by Douglas Murray and loses puck.
10:08 of 2nd period - Shot by Alex Galchenyuk.
10:08 of 2nd period - Stopped by Marc-Andre Fleury without a rebound.
10:09 of 2nd period - Ryan Getzlaf wins face-off versus Trevor Lewis in Penguins zone.
11:16 of 2nd period - Shot by Nathan Horton.
11:16 of 2nd period - Shot Misses the Net.
11:18 of 2nd period - Shot by Matt Greene.
11:18 of 2nd period - Stopped by Marc-Andre Fleury without a rebound.
11:19 of 2nd period - Tomas Hertl wins face-off versus Lars Eller in Penguins zone.
11:19 of 2nd period - Tomas Hertl is hit by Dwight King.
12:19 of 2nd period - Shot by John Tavares.
12:19 of 2nd period - Stopped by Eddie Lack without a rebound.
12:20 of 2nd period - John Tavares wins face-off versus Zack Smith in BlackHawks zone.
12:31 of 2nd period - Shot by John Tavares.
12:31 of 2nd period - Stopped by Eddie Lack without a rebound.
12:32 of 2nd period - Alex Galchenyuk wins face-off versus David Perron in BlackHawks zone.
13:03 of 2nd period - Shot by Mark Giordano.
13:03 of 2nd period - Shot Misses the Net.
13:05 of 2nd period - Shot by Mark Giordano.
13:05 of 2nd period - Deflect By Ryan Getzlaf.
13:05 of 2nd period - Stopped by Eddie Lack without a rebound.
13:06 of 2nd period - John Tavares wins face-off versus Zack Smith in BlackHawks zone.
13:08 of 2nd period - Gabriel Landeskog is hit by Dion Phaneuf and loses puck.
13:31 of 2nd period - Shot by Gabriel Landeskog.
13:31 of 2nd period - Stopped by Eddie Lack without a rebound.
13:32 of 2nd period - Mike Richards wins face-off versus Tomas Hertl in BlackHawks zone.
13:32 of 2nd period - Mike Richards is hit by Brandon Saad.
13:44 of 2nd period - Shot by Douglas Murray.
13:44 of 2nd period - Stopped by Marc-Andre Fleury with a rebound.
14:12 of 2nd period - Shot by Brendan Gallagher.
14:12 of 2nd period - Deflect By Tomas Hertl.
14:12 of 2nd period - Shot Blocked by Dwight King.
14:31 of 2nd period - Brendan Gallagher is hit by Dion Phaneuf and loses puck.
15:29 of 2nd period - Minor Penalty to David Perron for High sticking.
15:30 of 2nd period - Lars Eller wins face-off versus Gabriel Landeskog in Penguins zone.
16:16 of 2nd period - Icing by Alex Galchenyuk.
16:17 of 2nd period - Martin Hanzal wins face-off versus Gabriel Landeskog in BlackHawks zone.
16:21 of 2nd period - Matt Greene is hit by Gabriel Landeskog and loses puck.
16:56 of 2nd period - Brandon Bollig is hit by Ryan Getzlaf and loses puck.
17:40 of 2nd period - Shot by David Perron.
17:40 of 2nd period - Stopped by Eddie Lack with a rebound.
17:42 of 2nd period - Shot by David Perron.
17:42 of 2nd period - Goal by David Perron - Penguins : 3 - BlackHawks : 0.
17:43 of 2nd period - Tomas Hertl wins face-off versus Patrick Bordeleau in neutral zone.
18:16 of 2nd period - Minor Penalty to Patrick Bordeleau for Interference.
18:17 of 2nd period - Ryan Getzlaf wins face-off versus Mike Richards in BlackHawks zone.
18:30 of 2nd period - Shot by Mark Giordano.
18:30 of 2nd period - Stopped by Eddie Lack without a rebound.
18:31 of 2nd period - Mike Richards wins face-off versus John Tavares in BlackHawks zone.
18:31 of 2nd period - Mike Richards is hit by Tomas Hertl.
19:31 of 2nd period - Shot by Victor Hedman.
19:31 of 2nd period - Stopped by Eddie Lack without a rebound.
19:32 of 2nd period - Ryan Getzlaf wins face-off versus Mike Richards in BlackHawks zone.
19:37 of 2nd period - Shot by David Perron.
19:37 of 2nd period - Stopped by Eddie Lack with a rebound.
19:39 of 2nd period - Shot by Victor Hedman.
19:39 of 2nd period - Shot Hit the Post.
19:41 of 2nd period - Shot by Ryan Getzlaf.
19:41 of 2nd period - Goal by Ryan Getzlaf - Penguins : 4 - BlackHawks : 0.
19:42 of 2nd period - Martin Hanzal wins face-off versus Riley Nash in neutral zone.
Goals for this period are 3 for Penguins vs 0 for BlackHawks.
Shots for this period are 21 for Penguins vs 6 for BlackHawks.

3rd period


0:01 of 3rd period - Zack Smith wins face-off versus John Tavares in neutral zone.
0:28 of 3rd period - Shot by Gabriel Landeskog.
0:28 of 3rd period - Stopped by Eddie Lack with a rebound.
0:41 of 3rd period - Zack Smith is hit by Gabriel Landeskog and loses puck.
0:45 of 3rd period - Zack Smith is hit by Gabriel Landeskog and loses puck.
2:25 of 3rd period - Shot by Martin Hanzal.
2:25 of 3rd period - Shot Misses the Net.
2:36 of 3rd period - Brendan Gallagher is hit by Martin Hanzal and loses puck.
4:13 of 3rd period - Shot by David Perron.
4:13 of 3rd period - Stopped by Eddie Lack without a rebound.
4:14 of 3rd period - John Tavares wins face-off versus Lars Eller in BlackHawks zone.
4:14 of 3rd period - Victor Hedman is hit by Jarred Tinordi and loses puck.
4:19 of 3rd period - Shot by John Tavares.
4:19 of 3rd period - Stopped by Eddie Lack without a rebound.
4:20 of 3rd period - Lars Eller wins face-off versus Ryan Getzlaf in BlackHawks zone.
4:20 of 3rd period - Lars Eller is hit by Ryan Getzlaf.
4:29 of 3rd period - Mike Richards is hit by Jacob Trouba.
4:34 of 3rd period - Jacob Trouba is hit by Jarred Tinordi.
4:46 of 3rd period - Shot by David Perron.
4:46 of 3rd period - Stopped by Eddie Lack without a rebound.
4:47 of 3rd period - John Tavares wins face-off versus Zack Smith in BlackHawks zone.
4:50 of 3rd period - Shot by Gabriel Landeskog.
4:50 of 3rd period - Deflect By John Tavares.
4:50 of 3rd period - Shot Blocked by Matt Greene.
4:52 of 3rd period - Shot by Ryan Suter.
4:52 of 3rd period - Stopped by Eddie Lack without a rebound.
4:53 of 3rd period - John Tavares wins face-off versus Zack Smith in BlackHawks zone.
5:12 of 3rd period - Off-side.
5:13 of 3rd period - Lars Eller wins face-off versus Ryan Getzlaf in neutral zone.
5:40 of 3rd period - Shot by Jeff Carter.
5:40 of 3rd period - Deflect By Ryan Getzlaf.
5:40 of 3rd period - Stopped by Eddie Lack with a rebound.
5:42 of 3rd period - Shot by Ryan Getzlaf.
5:42 of 3rd period - Stopped by Eddie Lack without a rebound.
5:43 of 3rd period - Gabriel Landeskog wins face-off versus Trevor Lewis in BlackHawks zone.
6:08 of 3rd period - Shot by Gabriel Landeskog.
6:08 of 3rd period - Deflect By John Tavares.
6:08 of 3rd period - Goal by John Tavares - Penguins : 5 - BlackHawks : 0.
6:09 of 3rd period - Lars Eller wins face-off versus Ryan Getzlaf in neutral zone.
6:37 of 3rd period - Shot by David Perron.
6:37 of 3rd period - Shot Misses the Net.
6:53 of 3rd period - Shot by Ryan Getzlaf.
6:53 of 3rd period - Shot Blocked by Dion Phaneuf.
6:55 of 3rd period - Shot by Jeff Carter.
6:55 of 3rd period - Shot Misses the Net.
7:26 of 3rd period - Chris Stewart is hit by Mark Giordano and loses puck.
8:12 of 3rd period - Matt Greene is hit by Stephane Robidas.
9:20 of 3rd period - Victor Hedman is hit by David Clarkson and loses puck.
11:05 of 3rd period - Shot by Alex Galchenyuk.
11:05 of 3rd period - Shot Misses the Net.
11:07 of 3rd period - Shot by Alex Galchenyuk.
11:07 of 3rd period - Stopped by Marc-Andre Fleury with a rebound.
11:12 of 3rd period - Icing by Ryan Suter.
11:13 of 3rd period - Riley Nash wins face-off versus Zack Smith in Penguins zone.
12:06 of 3rd period - Shot by John Tavares.
12:06 of 3rd period - Shot Blocked by Zack Smith.
14:07 of 3rd period - Shot by Gabriel Landeskog.
14:07 of 3rd period - Shot Misses the Net.
14:19 of 3rd period - Shot by Gabriel Landeskog.
14:19 of 3rd period - Shot Blocked by Deryk Engelland.
14:21 of 3rd period - Shot by John Tavares.
14:21 of 3rd period - Shot Misses the Net.
14:25 of 3rd period - Shot by John Tavares.
14:25 of 3rd period - Shot Blocked by Alex Galchenyuk.
16:01 of 3rd period - Shot by Ryan Getzlaf.
16:01 of 3rd period - Stopped by Eddie Lack without a rebound.
16:01 of 3rd period - Minor Penalty to Matt Greene for Hooking.
16:02 of 3rd period - John Tavares wins face-off versus Trevor Lewis in BlackHawks zone.
16:07 of 3rd period - Shot by Mark Giordano.
16:07 of 3rd period - Shot Misses the Net.
16:15 of 3rd period - Shot by Mark Giordano.
16:15 of 3rd period - Stopped by Eddie Lack without a rebound.
16:16 of 3rd period - Ryan Getzlaf wins face-off versus Trevor Lewis in BlackHawks zone.
16:19 of 3rd period - Shot by Mark Giordano.
16:19 of 3rd period - Stopped by Eddie Lack without a rebound.
16:20 of 3rd period - Ryan Getzlaf wins face-off versus Trevor Lewis in BlackHawks zone.
16:47 of 3rd period - Jarred Tinordi is hit by Jeff Carter and loses puck.
16:56 of 3rd period - Shot by Jeff Carter.
16:56 of 3rd period - Shot Misses the Net.
16:58 of 3rd period - Shot by Jacob Trouba.
16:58 of 3rd period - Shot Misses the Net.
17:00 of 3rd period - Shot by Jacob Trouba.
17:00 of 3rd period - Stopped by Eddie Lack with a rebound.
17:38 of 3rd period - Shot by John Tavares.
17:38 of 3rd period - Goal by John Tavares - Penguins : 6 - BlackHawks : 0.
17:39 of 3rd period - Teemu Selanne wins face-off versus Zack Smith in neutral zone.
17:39 of 3rd period - Teemu Selanne is hit by Zack Smith.
17:59 of 3rd period - Shot by Matt Greene.
17:59 of 3rd period - Shot Blocked by Stephane Robidas.
19:48 of 3rd period - Shot by John Tavares.
19:48 of 3rd period - Stopped by Eddie Lack without a rebound.
19:49 of 3rd period - Zack Smith wins face-off versus Tomas Hertl in BlackHawks zone.
Goals for this period are 2 for Penguins vs 0 for BlackHawks.
Shots for this period are 14 for Penguins vs 1 for BlackHawks.


Output by the SimonT Hockey Simulator (STHS) for Stephane Roy -- Original Page W3C XHTML 1.0 Valid
Hockey Simulator - Hockey Simulation - Hockey Manager